Map: Jagannatha LE

Players

Ryu - Winner!

  • Race: Zerg Zerg

JimRising

  • Race: Protoss Protoss

Event: DreamHack SC2 Masters 2021 Winter

VOD

Have the link to the VOD?

Description

Time

  • Played on: Sept. 30, 2021, 4:05 p.m.
  • Length: 17:23

All games in this series

Show
View Real Time Build Order
Export as new Build Order

Ryu Zerg - Winner!

Build Orders: Hatch First 

Get SALT Encoding   

  12  0:00  Drone  
  13  0:12  Overlord  
  13  0:17  Drone  
  14  0:31  Drone x2  
  16  0:48  Hatchery  
  15  0:51  Drone  
  15  0:55  Drone  
  17  0:59  Drone  
  18  1:04  Extractor  
  17  1:15  Spawning Pool  
  16  1:18  Drone  
  16  1:23  Drone  
  18  1:29  Drone  
  19  1:39  Drone  
  20  1:50  Overlord  
  20  2:01  Queen x2  
  20  2:04  Zergling x4  
  20  2:08  Metabolic Boost  
  26  2:12  Drone  
  26  2:15  Drone  
  28  2:22  Drone x2  
  30  2:36  Hatchery  
  29  2:38  Drone  
  29  2:42  Drone  
  31  2:47  Queen  
  33  2:52  Overlord  
  33  2:58  Drone  
  34  3:01  Overlord  
  34  3:09  Drone x2  
  34  3:11  Drone x2  
  34  3:12  Drone  
  39  3:15  Drone x2  
  39  3:19  Zergling x2  
  42  3:22  Drone x2  
  42  3:24  Drone  
  45  3:29  Spore Crawler  
  45  3:32  Drone  
  45  3:34  Queen  
  45  3:38  Pneumatized Carapace  
  45  3:41  Zergling x2  
  48  3:47  Roach Warren  
  47  4:01  Drone  
  48  4:04  Drone  
  48  4:06  Drone, Queen  
  48  4:08  Drone x3  
  48  4:09  Overlord x2  
  55  4:12  Drone  
  55  4:15  Drone  
  55  4:16  Drone  
  58  4:19  Overlord  
  58  4:23  Overlord x2  
  58  4:27  Lair  
  58  4:28  Drone x2  
  58  4:31  Drone x2  
  62  4:37  Drone x3  
  65  4:41  Drone x3  
  65  4:43  Extractor  
  65  4:44  Spore Crawler, Extractor  
  65  4:48  Drone  
  65  4:51  Drone x2, Spore Crawler  
  67  4:59  Queen  
  67  5:00  Queen  
  70  5:08  Drone x3  
  73  5:14  Drone, Overlord x2  
  73  5:15  Extractor x2  
  72  5:26  Drone x2  
  74  5:31  Overlord x2  
  74  5:32  Hydralisk Den, Overseer  
  74  5:34  Drone x2  
  74  5:35  Drone, Queen  
  76  5:36  Drone  
  76  5:37  Extractor  
  76  5:38  Drone x3  
  81  5:43  Drone x3  
  81  5:45  Spore Crawler  
  81  5:47  Drone x3, Spore Crawler  
  85  5:55  Drone x3  
  85  5:56  Evolution Chamber  
  85  5:57  Infestation Pit  
  85  6:02  Muscular Augments  
  85  6:06  Hydralisk x3  
  85  6:08  Overseer  
  85  6:10  Hatchery  
  90  6:14  Drone x2  
  90  6:16  Overlord x2  
  91  6:24  Zerg Missile Weapons Level 1  
  91  6:25  Drone x2  
  93  6:26  Roach x2  
  93  6:29  Drone x2  
  99  6:32  Hydralisk  
  99  6:33  Hydralisk x2  
  105  6:41  Drone x3  
  105  6:42  Drone  
  105  6:45  Hive  
  109  6:51  Extractor x2  
  109  6:52  Overseer  
  109  6:53  Hydralisk x3  
  113  6:55  Overlord  
  113  6:58  Overlord  
  112  7:01  Overlord x2  
  112  7:10  Overlord x2  
  112  7:11  Overlord  
  112  7:15  Drone  
  113  7:16  Overlord  
  113  7:18  Drone x3  
  116  7:24  Hydralisk x4  
  116  7:29  Drone x2  
  127  7:30  Drone  
  127  7:31  Spore Crawler  
  127  7:34  Infestor x2  
  130  7:37  Drone  
  130  7:40  Spore Crawler  
  130  7:45  Overseer  
  130  7:50  Hydralisk x4  
  138  7:55  Grooved Spines  
  138  7:57  Viper  
  141  8:01  Viper  
  141  8:05  Queen x2  
  146  8:08  Viper  
  146  8:10  Hatchery  
  146  8:12  Extractor x2  
  148  8:15  Drone x5, Evolution Chamber  
  152  8:22  Viper  
  152  8:27  Hydralisk x4  
  163  8:37  Hydralisk x2  
  163  8:39  Overlord x3  
  167  8:43  Zerg Ground Armor Level 1  
  167  8:50  Overlord x2  
  167  8:55  Overlord  
  167  8:58  Hydralisk x7  
  167  9:01  Extractor  
  167  9:02  Drone x3  
  183  9:03  Hydralisk  
  185  9:12  Hydralisk x5  
  195  9:23  Hydralisk  
  195  9:24  Hydralisk x2  
  197  9:31  Overlord  
  182  9:57  Hydralisk x4  
  182  9:58  Hydralisk x9  
  182  9:59  Viper  
  185  10:10  Hydralisk, Burrow  
  185  10:11  Hydralisk x5  
  181  10:25  Hydralisk x7  
  181  10:28  Hydralisk  
  181  10:29  Hydralisk, Hatchery  
  181  10:30  Drone x3, Extractor  
  181  10:31  Extractor  
  177  10:38  Drone x3  
  177  10:41  Drone x3  
  175  10:47  Viper x2  
  181  10:51  Hydralisk x3  
  187  10:58  Hydralisk x3  
  193  11:04  Zerg Missile Weapons Level 2  
  193  11:17  Overlord  
  193  11:21  Evolution Chamber  
  192  11:27  Hydralisk x2, Evolution Chamber  
  192  11:28  Hydralisk  
  187  11:59  Hydralisk x3  
  187  12:00  Hydralisk x4  
  187  12:18  Hydralisk  
  187  12:19  Hydralisk x5  
  187  12:21  Drone  
  200  12:30  Overseer x3  
  199  12:37  Spire, Zerg Ground Armor Level 2  
  199  12:38  Spire  
  199  12:41  Hatchery, Extractor  
  199  12:43  Extractor  
  194  12:48  Hydralisk x2  
  184  13:11  Viper x2  
  176  13:25  Hydralisk x7  
  176  13:26  Hydralisk x5  
  186  13:30  Hydralisk  
  186  13:31  Hydralisk x12  
  194  13:39  Hydralisk x3  
  194  13:45  Overseer  
  194  13:51  Hydralisk x2  
  194  13:53  Overlord x3  
  194  13:55  Zerg Flyer Armor Level 1  
  194  14:03  Evolution Chamber  
  194  14:04  Hydralisk x3  
  194  14:05  Evolution Chamber  
  194  14:06  Drone  
  194  14:09  Zerg Missile Weapons Level 3  
  171  14:43  Hydralisk x13  
  195  14:59  Hydralisk x3  
  195  15:01  Drone x2  
  200  15:37  Corruptor x7  
  200  15:49  Evolution Chamber x2  
  198  15:50  Evolution Chamber  
  197  16:04  Extractor  
  196  16:12  Corruptor x2  
  196  16:13  Overseer x3  
  196  16:16  Spine Crawler  
  189  16:43  Viper  
Show
View Real Time Build Order
Export as new Build Order

JimRising Protoss 

Build Orders: Carriers 

Get SALT Encoding   

  12  0:00  Probe  
  13  0:12  Probe  
  14  0:20  Pylon  
  14  0:24  Probe  
  15  0:38  Probe (Chrono Boost)  
  16  0:48  Probe (Chrono Boost)  
  17  0:53  Probe (Chrono Boost)  
  18  1:04  Probe  
  18  1:09  Nexus  
  19  1:16  Probe  
  20  1:20  Gateway  
  20  1:26  Assimilator  
  20  1:32  Assimilator  
  20  1:33  Probe  
  21  1:45  Probe  
  22  1:57  Probe (Chrono Boost)  
  23  2:04  Pylon  
  23  2:07  Cybernetics Core  
  23  2:21  Probe (Chrono Boost)  
  24  2:23  Probe (Chrono Boost)  
  25  2:32  Probe (Chrono Boost)  
  25  2:34  Probe (Chrono Boost)  
  29  2:37  Probe (Chrono Boost)  
  29  2:38  Probe (Chrono Boost)  
  29  2:41  Gateway  
  31  2:44  Adept  
  31  2:47  Probe  
  32  2:53  Pylon  
  32  2:56  Probe  
  32  2:57  Stargate  
  33  2:59  Warp Gate  
  33  3:05  Probe  
  33  3:09  Pylon  
  34  3:14  Adept  
  34  3:18  Probe x2  
  38  3:30  Probe  
  38  3:31  Probe  
  38  3:32  Void Ray (Chrono Boost)  
  40  3:36  Assimilator  
  44  3:43  Probe x2  
  44  3:47  Stargate  
  46  3:51  Assimilator  
  46  3:55  Probe x2  
  48  3:59  Void Ray (Chrono Boost)  
  48  4:01  Pylon  
  48  4:07  Probe x2  
  54  4:12  Pylon  
  54  4:18  Pylon  
  54  4:19  Probe x2  
  56  4:26  Void Ray (Chrono Boost)  
  56  4:31  Probe  
  56  4:33  Void Ray (Chrono Boost)  
  61  4:39  Pylon  
  61  4:42  Probe  
  61  4:43  Probe  
  67  4:55  Probe  
  67  4:58  Fleet Beacon  
  68  5:02  Probe  
  68  5:04  Void Ray, Zealot x2  
  74  5:07  Probe  
  78  5:19  Void Ray  
  78  5:20  Nexus  
  82  5:32  Probe, Flux Vanes  
  82  5:33  Probe, Pylon  
  84  5:36  Pylon  
  84  5:47  Void Ray (Chrono Boost)  
  84  5:49  Pylon  
  84  5:51  Protoss Air Weapons Level 1 (Chrono Boost)  
  88  6:00  Probe x2  
  88  6:01  Void Ray (Chrono Boost)  
  88  6:03  Shield Battery  
  90  6:05  Shield Battery  
  94  6:12  Probe x2  
  96  6:20  Robotics Facility  
  96  6:28  Probe  
  96  6:29  Probe  
  96  6:32  Assimilator  
  98  6:33  Assimilator  
  98  6:35  Forge  
  98  6:40  Carrier  
  104  6:59  Probe x2  
  104  7:00  Probe  
  107  7:05  Carrier  
  107  7:07  Observer  
  114  7:11  Probe x2  
  114  7:12  Photon Cannon, Probe  
  117  7:16  Photon Cannon  
  117  7:23  Probe x2  
  117  7:24  Probe  
  117  7:27  Nexus  
  117  7:29  Observer  
  121  7:30  Pylon  
  121  7:35  Probe, Pylon x2  
  122  7:39  Probe x2  
  124  7:47  Robotics Bay, Probe  
  124  7:51  Photon Cannon, Probe  
  126  7:52  Photon Cannon  
  126  7:54  Photon Cannon, Shield Battery  
  126  8:08  Photon Cannon  
  126  8:12  Carrier (Chrono Boost), Pylon  
  126  8:14  Carrier (Chrono Boost)  
  138  8:31  Disruptor (Chrono Boost)  
  140  8:38  Pylon  
  140  8:40  Pylon  
  139  8:50  Photon Cannon, Shield Battery  
  139  8:58  Probe x3  
  139  8:59  Disruptor  
  145  9:03  Carrier (Chrono Boost)  
  145  9:04  Assimilator  
  145  9:05  Carrier (Chrono Boost)  
  145  9:08  Assimilator  
  157  9:11  Probe x2  
  157  9:13  Photon Cannon  
  157  9:16  Photon Cannon  
  159  9:18  Shield Battery  
  159  9:26  Stargate  
  159  9:27  Probe  
  159  9:28  Stargate  
  155  9:49  Zealot x2  
  130  10:02  Carrier (Chrono Boost)  
  130  10:05  Carrier (Chrono Boost)  
  140  10:11  Zealot x2  
  123  10:22  Gateway  
  123  10:24  Pylon  
  123  10:27  Probe x2  
  119  10:29  Probe x2  
  113  10:38  Disruptor (Chrono Boost)  
  113  10:39  Carrier x2 (Chrono Boost), Probe x2  
  113  10:42  Probe x2  
  132  10:49  Cybernetics Core  
  132  10:55  Photon Cannon  
  132  10:58  Photon Cannon  
  132  11:03  Photon Cannon x2  
  132  11:04  Photon Cannon x2  
  138  11:05  Photon Cannon, Disruptor  
  138  11:07  Photon Cannon  
  138  11:09  Pylon  
  138  11:10  Carrier (Chrono Boost)  
  147  11:13  Carrier (Chrono Boost)  
  147  11:18  Probe  
  148  11:25  Void Ray (Chrono Boost)  
  148  11:32  Carrier (Chrono Boost)  
  158  11:38  Zealot  
  156  11:41  Disruptor (Chrono Boost)  
  156  11:46  Zealot  
  153  11:50  Protoss Air Weapons Level 2  
  153  11:52  Void Ray (Chrono Boost)  
  142  12:05  Carrier (Chrono Boost)  
  142  12:07  Carrier (Chrono Boost)  
  147  12:09  Disruptor  
  138  12:16  Zealot x2  
  138  12:22  Void Ray x2 (Chrono Boost)  
  150  12:31  Nexus  
  150  12:32  Pylon  
  150  12:42  Disruptor (Chrono Boost)  
  153  12:56  Void Ray  
  151  13:05  Carrier (Chrono Boost)  
  151  13:10  Observer (Chrono Boost)  
  144  13:22  Disruptor (Chrono Boost)  
  143  13:37  Zealot  
  131  13:46  Nexus  
  131  13:49  Pylon  
  131  13:51  Pylon  
  131  13:56  Carrier (Chrono Boost)  
  131  13:58  Disruptor  
  140  14:15  Carrier (Chrono Boost), Nexus  
  140  14:16  Pylon  
  146  14:20  Protoss Air Armor Level 1 (Chrono Boost)  
  146  14:21  Probe x2  
  148  14:29  Carrier (Chrono Boost)  
  140  14:33  Disruptor  
  135  14:43  Photon Cannon  
  135  14:44  Photon Cannon  
  135  14:46  Photon Cannon  
  135  14:47  Shield Battery  
  135  15:07  Shield Battery  
  135  15:08  Photon Cannon  
  135  15:13  Probe x2  
  127  15:33  Carrier  
  130  15:42  Disruptor (Chrono Boost)  
  129  15:43  Assimilator  
  131  16:01  Carrier  
  137  16:06  Pylon  
  137  16:11  Disruptor (Chrono Boost)  
  140  16:18  Assimilator  
  140  16:21  Pylon  
  152  16:43  Disruptor (Chrono Boost)  

Tags
 
Add a new tag
Caveats
  • Supply blocks, unpowered buildings, or Contaminate may cause inaccurate times.
  • Supply counts are checked every 10 seconds.